 Dungeon Crawl Stone Soup version 0.24-a0-373-g39439d8 (webtiles) character file.

Game seed: 9434805424237810571

22793 topirishpotato the Peltast (level 12, -38/110 HPs)
             Began as a Minotaur Fighter on May 30, 2019.
             Was a High Priest of Okawaru.
             Annihilated by a titanic slime creature (90 damage)
             ... on level 12 of the Dungeon.
             The game lasted 00:39:40 (14353 turns).

topirishpotato the Peltast (Minotaur Fighter)      Turns: 14353, Time: 00:39:41

Health: -38/110    AC: 17    Str: 21    XL:     12   Next: 66%
Magic:  11/11      EV: 15    Int:  5    God:    Okawaru [*****.]
Gold:   631        SH:  0    Dex: 15    Spells: 11/11 levels left

rFire    . . .     SeeInvis +   G - +11 battleaxe "Sokhlime" {venom, +Blink rElec}
rCold    . . .     Gourm    .   (shield currently unavailable)
rNeg     . . .     Faith    .   S - +3 ring mail {MR+}
rPois    .         Spirit   .   (helmet restricted)
rElec    +         Reflect  .   (no cloak)
rCorr    .         Harm     .   j - +2 pair of gloves {archery}
MR       ++...                  w - +2 pair of boots {Stlth+}
Stlth    ++........             (no amulet)
HPRegen  0.28/turn              a - ring of protection from magic
MPRegen  0.12/turn              I - ring of see invisible

@: drained
A: retaliatory headbutt, horns 2
a: Heroism, Finesse, Renounce Religion, Evoke Blink


You were on level 12 of the Dungeon.
You worshipped Okawaru.
Okawaru was extremely pleased with you.
You were hungry.

You visited 2 branches of the dungeon, and saw 13 of its levels.
You also visited: Gauntlet.

You collected 870 gold pieces.
You spent 239 gold pieces at shops.

Inventory:

Hand Weapons
 r - a +2 flail of holy wrath
 D - a +2 longbow of flaming
 G - the +11 battleaxe "Sokhlime" (weapon) {venom, +Blink rElec}
   (You found it on level 12 of the Dungeon)

   It poisons the flesh of those it strikes.
   It insulates you from electricity.
   It lets you blink.
 N - a +8 dire flail
 R - a +4 hand axe
Missiles
 p - 419 arrows
Armour
 i - a +4 scale mail
 j - a +2 pair of gloves of archery (worn)
 w - a +2 pair of boots of stealth (worn)
 y - a +2 shield of protection
 S - a +3 ring mail of magic resistance (worn)
Jewellery
 a - a ring of protection from magic (left hand)
 c - an uncursed ring of stealth
 x - an uncursed ring of ice
 I - a ring of see invisible (right hand)
Wands
 o - a wand of flame (22)
 q - a wand of paralysis (6)
 t - a wand of polymorph (5)
 v - a wand of random effects (22)
 F - a wand of digging (3)
 L - a wand of iceblast (4)
Scrolls
 b - 2 scrolls of amnesia
 d - a scroll of identify
 g - 3 scrolls of enchant armour
 k - a scroll of blinking
 l - 7 scrolls of remove curse
 s - 2 scrolls of magic mapping
 B - 3 scrolls of fear
 E - a scroll of enchant weapon
 K - 4 scrolls of immolation
 M - a scroll of fog
 O - a scroll of teleportation
Potions
 e - 5 potions of lignification
 h - 5 potions of curing
 m - a potion of berserk rage
 n - 4 potions of mutation
 u - 3 potions of haste
 z - 2 potions of flight
 A - 3 potions of ambrosia
 C - a potion of resistance
 H - a potion of invisibility
 J - a potion of cancellation
Miscellaneous
 P - a phantom mirror
Comestibles
 f - 27 rations


   Skills:
 + Level 11.2(10.1) Fighting
 + Level 12.8(11.7) Axes
 - Level 11.0(9.8) Armour
 - Level 7.5(6.5) Dodging
 - Level 15.0(13.8) Shields


You had 11 spell levels left.
You didn't know any spells.
Your spell library contained the following spells:

 Spells                   Type           Power        Failure   Level  Hunger
 Confusing Touch          Hex            #.....       61%         1    ##.....
 Corona                   Hex            #......      61%         1    ##.....
 Sting                    Conj/Pois      #...         61%         1    ##.....
 Corpse Rot               Necr           N/A          75%         2    ###....
 Ensorcelled Hibernation  Hex/Ice        #.....       75%         2    ###....
 Poisonous Vapours        Pois/Air       #.....       75%         2    ###....
 Sublimation of Blood     Necr           #.........   75%         2    ###....
 Confuse                  Hex            #.......     93%         3    ####...
 Conjure Flame            Conj/Fire      #.......     93%         3    ####...
 Dazzling Spray           Conj/Hex       #.....       93%         3    ####...
 Gell's Gravitas          Tloc           #.........   93%         3    ####...
 Mephitic Cloud           Conj/Pois/Air  #.......     93%         3    ####...
 Recall                   Summ/Tloc      N/A          93%         3    ####...
 Tukima's Dance           Hex            #.......     93%         3    ####...
 Animate Dead             Necr           N/A          100%        4    #####..
 Olgreb's Toxic Radiance  Pois           #.......     100%        4    #####..
 Petrify                  Tmut/Erth      #.......     100%        4    #####..
 Agony                    Necr           #.......     100%        5    ######.
 Bolt of Draining         Conj/Necr      #.........   100%        5    ######.
 Borgnjor's Vile Clutch   Necr/Erth      #.........   100%        5    ######.
 Dispel Undead            Necr           #.......     100%        5    ######.
 Excruciating Wounds      Chrm/Necr      #.........   100%        5    ######.
 Metabolic Englaciation   Hex/Ice        #.........   100%        5    ######.
 Venom Bolt               Conj/Pois      #.........   100%        5    ######.
 Yara's Violent Unravell  Hex/Tmut       #.........   100%        5    ######.
 Death Channel            Necr           #.........   100%        6    #######
 Freezing Cloud           Conj/Ice/Air   #.........   100%        6    #######
 Simulacrum               Ice/Necr       #.........   100%        6    #######
 Ring of Flames           Chrm/Fire      #.........   100%        7    #######


Dungeon Overview and Level Annotations

Branches:
Dungeon (12/15)            Temple (1/1) D:4            Lair (0/6) D:8
    Orc (0/2) D:11

Altars:
Ashenzari
Cheibriados
Dithmenos
Elyvilon
Fedhas
Gozag
Hepliaklqana
Kikubaaqudgha
Makhleb
Nemelex Xobeh
Okawaru
Qazlal
Ru
Sif Muna
Trog
Uskayaw
Vehumet
Wu Jian
Xom
Yredelemnul
Zin
The Shining One

Shops:
D:4 (   D:5 ?   D:8 (   D:10 :

Annotations:
D:10 CowFu's ghost, novice DsIE


Innate Abilities, Weirdness & Mutations

You reflexively headbutt those who attack you in melee.
You have a pair of horns on your head.


Message History

You slash the titanic slime creature!
The titanic slime creature is heavily wounded.
The titanic slime creature closely misses you.
You are feeling hungry.
You slice the titanic slime creature!!
The titanic slime creature is heavily wounded.
The titanic slime creature barely misses you.
You furiously retaliate!
You headbutt the titanic slime creature.
You slash the titanic slime creature!
The titanic slime creature is severely wounded.
The titanic slime creature closely misses you.
You furiously retaliate!
You headbutt the titanic slime creature!
You hit the titanic slime creature.
You headbutt the titanic slime creature!
The titanic slime creature is severely wounded.
The titanic slime creature hits you!!!!
Ouch! That really hurt!
You die...

##############
............^#
##.#############.#
...# #.# #.##
#######.####
.......J...#
#######@##.# #..
#.##.# #.# #.##.#
#.# #.##.# #..
#.##.# #.# #.##.#
#.# #.##.# #.# #.
##.##.# #.# #.#
#..#


You could see a titanic slime creature.

Vanquished Creatures
  A minotaur (Gauntlet)
  A green death (Gauntlet)
  4 two-headed ogres
  A centaur warrior (D:12)
  An ogre mage (D:12)
  A tengu warrior (Gauntlet)
  The ghost of porpoise the Magician, a novice GnSk of Okawaru (D:7)
  Pikel (D:6)
  An orc knight (D:12)
  A deep elf mage (D:11)
  A cyclops (D:12)
  2 ugly things (D:11)
  2 orange demons (Gauntlet)
  A kobold demonologist (D:11)
  A komodo dragon (D:12)
  2 tengu conjurers (Gauntlet)
  A troll (D:10)
  5 slime creatures
  A shadow (D:12)
  2 hippogriffs
  2 wyverns
  A wraith (D:12)
  Sigmund (D:6)
  6 yaks (D:8)
  Eustachio (D:6)
  A basilisk (D:8)
  Menkaure (D:6)
  2 porcupines
  A black bear (D:11)
  A meliai simulacrum (D:12)
  6 ice beasts
  3 orc warriors
  An eye of draining (D:12)
  A slave (D:6)
  8 ogres
  6 sky beasts
  A phantom (D:4)
  A necrophage (D:11)
  11 centaurs
  2 crocodiles
  Blork the orc (D:5)
  6 bullfrogs
  A gnoll sergeant (D:11)
  A scorpion (D:7)
  16 killer bees
  8 wights
  2 howler monkeys
  6 crimson imps
  2 bullfrog zombies
  A wyvern simulacrum (Gauntlet)
  7 hounds
  A bullfrog skeleton (D:5)
  A quasit (D:10)
  9 orc priests
  7 jellies
  4 centaur skeletons
  Jessica (D:2)
  5 iguanas
  14 orc wizards
  9 worker ants
  3 bullfrog simulacra (Gauntlet)
  A hound zombie (D:8)
  A howler monkey zombie (D:10)
  3 worker ant zombies
  3 gnolls (D:11)
  16 adders
  A shadow imp (D:10)
  5 oozes (D:10)
  2 adder zombies
  4 worms
  2 dart slugs
  7 leopard geckos
  54 orcs
  5 giant cockroaches
  9 goblins
  5 hobgoblins
  21 jackals
  2 quokkas
  11 bats
  3 frilled lizards
  A giant cockroach zombie (D:5)
  11 kobolds
  A leopard gecko zombie (D:6)
  A quokka skeleton (D:5)
  9 rats
371 creatures vanquished.

Vanquished Creatures (others)
  An ogre (D:11)
  A killer bee (D:12)
  An orc (D:11)
  5 plants
8 creatures vanquished.

Grand Total: 379 creatures vanquished

Notes
Turn   | Place    | Note
-------+----------+-------------------------------------------
     0 | D:1      | topirishpotato the Minotaur Fighter began the quest for the
                  | Orb.
     0 | D:1      | Reached XP level 1. HP: 19/19 MP: 0/0
   108 | D:1      | Reached XP level 2. HP: 27/27 MP: 1/1
   421 | D:1      | Reached skill level 4 in Shields
   823 | D:2      | Reached XP level 3. HP: 33/33 MP: 2/2
  1014 | D:2      | Found an opulent altar of Gozag.
  1196 | D:2      | Noticed Jessica
  1207 | D:2      | Killed Jessica
  1207 | D:2      | Reached XP level 4. HP: 37/40 MP: 3/3
  1851 | D:3      | Reached XP level 5. HP: 46/46 MP: 4/4
  1857 | D:3      | Reached skill level 5 in Armour
  1857 | D:3      | Reached skill level 5 in Shields
  2161 | D:3      | Found an ancient bone altar of Kikubaaqudgha.
  2345 | D:4      | Reached XP level 6. HP: 50/52 MP: 5/5
  2364 | D:4      | Reached skill level 6 in Shields
  2787 | D:4      | Reached XP level 7. HP: 21/59 MP: 6/6
  3074 | D:4      | Found Aletib's Antique Weapon Boutique.
  3075 | D:4      | Found a staircase to the Ecumenical Temple.
  3087 | D:4      | Reached skill level 7 in Shields
  3363 | D:4      | Bought a runed longbow for 217 gold pieces
  3386 | Temple   | Entered the Ecumenical Temple
  3585 | Temple   | Became a worshipper of Warmaster Okawaru
  4195 | D:5      | Entered Level 5 of the Dungeon
  4464 | D:5      | Noticed Blork the orc
  4480 | D:5      | Killed Blork the orc
  4480 | D:5      | Reached skill level 8 in Shields
  4488 | D:5      | Found Imnoov's Magic Scroll Shoppe.
  4526 | D:5      | Bought a scroll of identify for 22 gold pieces
  4534 | D:5      | Reached XP level 8. HP: 73/78 MP: 7/7
  4542 | D:5      | Reached * piety under Okawaru
  5334 | D:6      | Reached XP level 9. HP: 83/83 MP: 8/8
  5408 | D:6      | Noticed Eustachio
  5417 | D:6      | Killed Eustachio
  5419 | D:6      | Noticed Sigmund
  5424 | D:6      | Killed Sigmund
  5424 | D:6      | Reached ** piety under Okawaru
  5440 | D:6      | Noticed Pikel
  5449 | D:6      | Killed Pikel
  5449 | D:6      | Reached skill level 9 in Shields
  5459 | D:6      | Found a radiant altar of Vehumet.
  5774 | D:6      | Noticed Menkaure
  5778 | D:6      | Killed Menkaure
  6149 | D:7      | Reached *** piety under Okawaru
  6167 | D:7      | Found a transporter.
  6169 | D:7      | Noticed porpoise's ghost (novice GnSk)
  6306 | D:7      | Reached skill level 10 in Shields
  6587 | D:7      | Found an opulent altar of Gozag.
  6594 | D:7      | Found a deep blue altar of Sif Muna.
  6601 | D:7      | Found a hide-covered altar of Uskayaw.
  6608 | D:7      | Found a burning altar of Makhleb.
  6615 | D:7      | Found a shattered altar of Ashenzari.
  6622 | D:7      | Found a sparkling altar of Nemelex Xobeh.
  6627 | D:7      | Found a blossoming altar of Fedhas.
  6656 | D:7      | Found a transporter.
  6663 | D:7      | Reached XP level 10. HP: 67/91 MP: 9/9
  6674 | D:7      | Killed porpoise's ghost
  6730 | D:7      | Reached **** piety under Okawaru
  6984 | D:8      | Reached skill level 10 in Armour
  6993 | D:8      | Reached skill level 11 in Shields
  7232 | D:8      | Found a staircase to the Lair.
  7505 | D:8      | Found an ornate altar of the Wu Jian Council.
  8230 | D:8      | Found Zukhaq's Antique Weapon Boutique.
  8384 | D:9      | Noticed a two-headed ogre
  8393 | D:9      | Killed a two-headed ogre
  8740 | D:9      | Noticed a two-headed ogre
  8746 | D:9      | Killed a two-headed ogre
  8746 | D:9      | Reached ***** piety under Okawaru
  8746 | D:9      | Reached skill level 12 in Shields
  8746 | D:9      | Reached XP level 11. HP: 97/97 MP: 10/10
  8857 | D:9      | Noticed a two-headed ogre
  8876 | D:9      | Killed a two-headed ogre
  9156 | D:9      | Reached skill level 13 in Shields
  9600 | D:10     | Entered Level 10 of the Dungeon
  9939 | D:10     | Found a runed translucent gate.
  9939 | D:10     | Found a runed translucent gate.
  9939 | D:10     | Found a runed translucent gate.
  9939 | D:10     | Noticed an 11-headed hydra
  9939 | D:10     | Noticed a nine-headed hydra
  9939 | D:10     | Noticed CowFu's ghost (novice DsIE)
 10472 | D:10     | Found Lafieti's Book Shoppe.
 10631 | D:11     | Noticed a cyan ugly thing
 10782 | D:11     | Found a gate leading to a gauntlet.
 10790 | D:11     | Reached skill level 14 in Shields
 10800 | Gauntlet | Entered a Gauntlet
 10800 | Gauntlet | Found a transporter.
 10800 | Gauntlet | Noticed a tengu warrior
 10809 | Gauntlet | Found a transporter.
 10811 | Gauntlet | Found a transporter.
 10815 | Gauntlet | Found a runed translucent door.
 10815 | Gauntlet | Found a runed translucent door.
 10829 | Gauntlet | Found a transporter.
 10831 | Gauntlet | Found a transporter.
 10841 | Gauntlet | Found a transporter.
 10851 | Gauntlet | Noticed a death ooze
 10856 | Gauntlet | Noticed a fire crab
 10858 | Gauntlet | Found a transporter.
 10865 | Gauntlet | Noticed a death drake
 10868 | Gauntlet | Found a transporter.
 10878 | Gauntlet | Found a transporter.
 10880 | Gauntlet | Noticed a green death
 10892 | Gauntlet | Found a transporter.
 10895 | Gauntlet | Found a runed translucent door.
 10902 | Gauntlet | Found a transporter.
 10907 | Gauntlet | Found a transporter.
 10944 | Gauntlet | Killed a tengu warrior
 10944 | Gauntlet | Received a gift from Okawaru
 11089 | Gauntlet | Found a transporter.
 11184 | Gauntlet | Got a wavering silver ring
 11200 | Gauntlet | Killed a green death
 11216 | Gauntlet | Reached skill level 15 in Shields
 11660 | Gauntlet | Identified the ring of Etym {*Corrode *Drain rPois Int+3
                  | SInv} (You found it in a Gauntlet)
 11697 | Gauntlet | Identified the +3 robe of Pragmatism {*Contam +Blink rC+
                  | rN+++}
 11697 | Gauntlet | Noticed a minotaur
 11709 | Gauntlet | Killed a minotaur
 11719 | Gauntlet | Got a fine leather armour
 11730 | Gauntlet | Identified the +3 leather armour of the Nine Suns {rF+ rC+}
                  | (You found it in a Gauntlet)
 11850 | D:11     | Reached skill level 10 in Axes
 11970 | D:11     | Reached XP level 12. HP: 70/106 MP: 11/11
 12131 | D:11     | Received a gift from Okawaru
 12231 | D:11     | Reached skill level 10 in Fighting
 12448 | D:11     | Found a staircase to the Orcish Mines.
 13015 | D:12     | Noticed a two-headed ogre
 13044 | D:12     | Killed a two-headed ogre
 13411 | D:12     | Found a runed translucent door.
 13428 | D:12     | Found a runed translucent door.
 13457 | D:12     | Noticed an ogre mage
 13458 | D:12     | Noticed a centaur warrior
 13476 | D:12     | Killed an ogre mage
 13494 | D:12     | Killed a centaur warrior
 13726 | D:12     | Got a faintly glowing battleaxe
 13775 | D:12     | Identified the +11 battleaxe "Sokhlime" {venom, +Blink
                  | rElec} (You found it on level 12 of the Dungeon)
 14353 | D:12     | Annihilated by a titanic slime creature

Levels and vault maps discovered:
D:1:      psy_arrival_fountain, layout_loops_cross, lemuel_old_faithful
D:2:      layout_basic, grunt_gozag_statues, uniq_jessica
D:3:      minmay_spotlight, layout_rooms, overflow_temple_1_default,
          first_ration
D:4:      layout_basic, minmay_temple_entry_proselytizer, serial_shops, shop,
          grunt_ministairs_3
D:5:      layout_layer_cave, serial_shops, shop, uniq_blork_the_orc
D:6:      layout_loops_ring, basic_altar, due_unseen_surprise, uniq_menkaure,
          uniq_eustachio, uniq_pikel, uniq_sigmund
D:7:      layout_cave_pools, grunt_temple_overflow_octagram,
          gammafunk_ghost_smash, palyth_stone_intersect
D:8:      layout_loops_corners, nicolae_overflow_hidden_temple,
          minmay_lair_entry_grove, serial_shops, kennysheep_little_box
D:9:      layout_rooms
D:10:     layout_roguey, serial_shops, shop, gammafunk_ghost_hydra_chop,
          hangedman_little_slice_of_home, chequers_serial_rivers_micro_a
D:11:     layout_cave_pools, orc_0_dummy, gauntlet_entry_generic
D:12:     minmay_the_grid_triangle_9x9_rhombus_thin
          [minmay_the_grid_triangle_9x9_tough_junction,
          minmay_the_grid_triangle_9x9_prize_insulated,
          minmay_the_grid_triangle_9x9_checkered,
          minmay_the_grid_triangle_9x9_zippers_vertical], layout_loops_ring
Temple:   nicolae_temple_figure_eight

Skill      XL: |  1  2  3  4  5  6  7  8  9 10 11 12 |
---------------+-------------------------------------+-----
Shields        | 4 5 6 8 10 12 15 | 15.0
Axes           | 3 4 9 10 12 | 12.8
Fighting       | 4 9 11 | 11.2
Armour         | 4 5 6 7 9 11 | 11.0
Dodging        | 7 |  7.5

Action                   |  1- 3 |  4- 6 |  7- 9 | 10-12 || total
-------------------------+-------+-------+-------+-------++-------
Melee: War axe           |    81 |   131 |   227 |   124 ||   563
       Headbutt          |    10 |    27 |    44 |   174 ||   255
       Hand axe          |       |       |       |   590 ||   590
       Battleaxe         |       |       |       |    29 ||    29
Evoke: Wand              |       |       |       |     5 ||     5
  Use: Scroll            |       |     4 |    10 |    13 ||    27
       Potion            |       |       |     2 |     9 ||    11
 Stab: Invisible         |       |       |       |     3 ||     3
  Eat: Chunk             |       |     6 |     9 |    18 ||    33
       Ration            |       |       |     1 |     2 ||     3
Armor: Ring mail         |    38 |    15 |       |     5 ||    58
       Scale mail        |     1 |    62 |    75 |   207 ||   345
Dodge: Dodged            |    25 |    55 |    74 |   302 ||   456
Block: Shield            |    46 |    90 |   134 |   385 ||   655
       Buckler           |       |       |       |    65 ||    65

Table legend:
 A = Non-vault XP
 B = Vault XP
 C = Vault XP percentage of total XP
 D = Non-vault monster count
 E = Vault monster count
 F = Vault count percentage of total count
                 A         B        C        D         E       F
            +---------+---------+-------+---------+---------+-------
      Total |   18797 |   12574 |  40.1 |     315 |      56 |  15.1
            +---------+---------+-------+---------+---------+-------
        D:1 |      39 |       0 |   0.0 |      23 |       0 |   0.0
        D:2 |     110 |      37 |  25.2 |      22 |       1 |   4.3
        D:3 |     106 |      56 |  34.6 |      19 |       4 |  17.4
        D:4 |     541 |      56 |   9.4 |      25 |       2 |   7.4
        D:5 |     326 |     100 |  23.5 |      16 |       1 |   5.9
        D:6 |     702 |    1253 |  64.1 |      18 |       4 |  18.2
        D:7 |     772 |    1265 |  62.1 |      16 |       5 |  23.8
        D:8 |    1170 |    1841 |  61.1 |      25 |      11 |  30.6
        D:9 |    4415 |       0 |   0.0 |      46 |       0 |   0.0
       D:10 |    1391 |     156 |  10.1 |      25 |       8 |  24.2
       D:11 |    5216 |       0 |   0.0 |      53 |       0 |   0.0
       D:12 |    4009 |    3178 |  44.2 |      27 |       9 |  25.0
   Gauntlet |       0 |    4632 | 100.0 |       0 |      11 | 100.0
            +---------+---------+-------+---------+---------+-------
